 Dungeon Crawl Stone Soup version 0.29-a0-234-g0dae59b3db (webtiles) character file.

Game seed: 2881190088362686507

24 spaghetti the Skirmisher (level 3, 31/31 HPs)
             Began as a Formicid Fighter on Mar 3, 2022.
             Was a Follower of Sif Muna.
             Quit the game on level 1 of the Dungeon.
             The game lasted 00:01:10 (1230 turns).

spaghetti the Skirmisher (Formicid Fighter)         Turns: 1230, Time: 00:01:10

Health: 31/31      AC:  6    Str: 22    XL:     3   Next: 15%
Magic:  3/3        EV:  9    Int:  7    God:    Sif Muna [*.....]
Gold:   43         SH:  4    Dex: 10    Spells: 2/2 levels left

rFire   . . .      SeeInvis +   a - +1 long sword {long}
rCold   . . .      Faith    .   c - +0 buckler
rNeg    . . .      Spirit   .   b - +0 scale mail
rPois   .          Reflect  .   (helmet unavailable)
rElec   .          Harm     .   (no cloak)
rCorr   .          Rampage  .   (no gloves)
Will    .....                   (no boots)
Stlth   ..........              (no amulet)
HPRegen 0.10/turn               (no ring)
MPRegen 0.08/turn               (no ring)

@: no status effects
A: permanent stasis, dig shafts and tunnels, antennae 3, four strong arms
a: Dig, Shaft Self, Renounce Religion, Channel Magic


You were on level 1 of the Dungeon.
You worshipped Sif Muna.
Sif Muna was aware of your devotion.
You visited 1 branch of the dungeon, and saw 1 of its levels.

You collected 43 gold pieces.


Innate Abilities, Weirdness & Mutations

You cannot be hasted, slowed, berserked, paralysed or teleported.
You can dig through walls and to a lower floor.
You have a pair of large antennae on your head. (SInv)
Your four strong arms can wield two-handed weapons with a shield.


   Skills:
 + Level 4.3 Fighting
 - Level 2.0 Long Blades
 - Level 3.3 Armour
 - Level 3.6 Shields


You had 2 spell levels left.
You didn't know any spells.
Your spell library contained the following spells:

 Spells                   Type           Power      Damage    Failure   Level
 Magic Dart               Conj           0%         1d3       83%         1
 Sublimation of Blood     Necr           0%         N/A       92%         2
 Wereblood                Tmut           0%         N/A       92%         2
 Tukima's Dance           Hex            0%         N/A       99%         3
 Anguish                  Hex/Necr       0%         N/A       100%        4
 Enfeeble                 Hex            0%         N/A       100%        7
 Summon Hydra             Summ           0%         N/A       100%        7

Inventory:

Hand Weapons
 a - a +1 long sword (weapon) {long}
Missiles
 e - 15 stones {throwing}
Armour
 b - a +0 scale mail (worn)
 c - a +0 buckler (worn)
Potions
 d - 4 potions of might
 f - a potion of curing {unknown}

Dungeon Overview and Level Annotations

Branches:
Dungeon (1/15)

Altars:
Sif Muna

Shops:
D:1

? ##........#
##.........#
##.....##...#
#....P#..^..#
#....#P##...#
#...#.#..^..#
#..#.#.##...#
#..#.#.#.^.##
#.†#.#P#@^.#
#..#.#.#...#
#..#.#.##..#
#...#.#....# #
#...P#.##^.# #
#.....#....# #
##.#...##^.#
###.##......#
#######.....#....##


There were no monsters in sight!


Message History

You block the jackal's attack.
You completely miss the hobgoblin. You block the jackal's attack.
The hobgoblin closely misses you.
You slash the hobgoblin!
You kill the hobgoblin!
You block the jackal's attack. The jackal completely misses you.
You have reached level 3!
Your experience leads to an increase in your attributes!
Increase (S)trength, (I)ntelligence, or (D)exterity?
You feel stronger. x2 😎 HP[+5] MP[+1]
You now have 30 max hp (+5).
Your hp is fully restored (30).
Your mp is fully restored (3).
You hit the jackal but do no damage.
A jackal comes into view.
The jackal barely misses you. The jackal bites you.
The jackal closely misses you. 😕 HP[-2]
You take 2 damage, and now have 28/30 hp.
You barely miss the jackal.
The jackal barks!
The jackal closely misses you. You block the jackal's attack. x2
You slash the jackal!
You kill the jackal!
The jackal barely misses you.
The jackal bites you but does no damage.
You block the jackal's attack.
You barely miss the jackal. You block the jackal's attack.
The jackal bites you. x2; The jackal closely misses you. 😕 HP[-4]
You take 4 damage, and now have 24/30 hp.
You miss the jackal.
The jackal bites you but does no damage. x2
You block the jackal's attack.
The jackal bites you but does no damage.
You barely miss the jackal.
The jackal bites you but does no damage.
The jackal completely misses you.
The jackal bites you but does no damage.
You block the jackal's attack.
You slash the jackal!
You kill the jackal!
The jackal bites you but does no damage.
The jackal closely misses you. 😕 HP[+1]
You now have 31 max hp (+1).
You closely miss the jackal. The jackal closely misses you.
You block the jackal's attack.
You closely miss the jackal. The jackal closely misses you.
The jackal bites you. 😮 HP[-2]
You take 2 damage, and now have 23/31 hp.
You are too injured to fight recklessly!
You are too injured to fight recklessly!
You are too injured to fight recklessly!
You are too injured to fight recklessly!
You are too injured to fight recklessly!
You are too injured to fight recklessly!
You are too injured to fight recklessly!
You are too injured to fight recklessly!
You are too injured to fight recklessly!
You are too injured to fight recklessly!
You are too injured to fight recklessly!
You are too injured to fight recklessly!
You are too injured to fight recklessly!
You are too injured to fight recklessly!
You are too injured to fight recklessly!
You are too injured to fight recklessly!
You are too injured to fight recklessly!
You are too injured to fight recklessly!
You barely miss the jackal. You block the jackal's attack. x2
You hit the jackal.
The jackal bites you but does no damage.
You slash the jackal!
You kill the jackal!
You now have 30 gold pieces (gained 3).
You see here a jackal corpse.
You start resting. 😎 HP[+8]
Your hp is fully restored (31).
You now have 43 gold pieces (gained 13).
Key pressed, stopping explore.
Key pressed, stopping explore.
Found a faded altar of an unknown god.
No target in view!
No target in view!
You pick up Plato's Almanac of Battle Magic and begin reading...
You add the spell Magic Dart to your library.
There is a faded altar of an unknown god here.
Key pressed, stopping explore.
Done exploring.
Search for what [? for help]? altar
There is a faded altar of an unknown god here.
You cannot tell which god this altar belongs to.
Convert to them anyway?
Sif Muna accepts your prayer! Sif Muna welcomes you!
You can now call upon Sif Muna for magical energy.
Unknown command.
Press < or > to pray at altars.
Are you sure you want to abandon this character and quit the game? (Confirm with "yes".)

Skill      XL: |  1  2 |
---------------+-------+-----
Fighting       | 4 |  4.3
Long Blades    | |  2.0
Armour         | |  3.3
Shields        | |  3.6

Action                   || total
-------------------------++-------
Melee: Long sword        ||    53
  Use: Scroll            ||     5
Armor: Scale mail        ||    23
Dodge: Dodged            ||    22
Block: Buckler           ||    23

Levels and vault maps discovered:
D:1:      eino_arrival_tree_alley, layout_loops_cross, serial_shops,
          nicolae_diamond_shop, shapermc_ecumenical_altar_rom_forum,
          minmay_misc_feat_tiny, minmay_octomino_e4

Notes
Turn   | Place    | Note
-------+----------+-------------------------------------------
     0 | D:1      | spaghetti the Formicid Fighter began the quest for the Orb.
     0 | D:1      | Reached XP level 1. HP: 18/18 MP: 1/1
     0 | D:1      | magus.rc [v1.9.6]
    95 | D:1      | You pick up a book of Maledictions and begin reading...
    95 | D:1      | You add the spells Tukima's Dance, Anguish and Enfeeble to
                  | your library.
   388 | D:1      | Reached XP level 2. HP: 20/24 MP: 2/2
   710 | D:1      | Found Voupak's Magic Scroll Shop.
   828 | D:1      | Reached skill level 4 in Fighting
   850 | D:1      | You pick up a book of Blood and begin reading...
   850 | D:1      | You add the spells Sublimation of Blood, Wereblood and
                  | Summon Hydra to your library.
   982 | D:1      | Reached XP level 3. HP: 30/30 MP: 3/3
  1116 | D:1      | Found a faded altar of an unknown god.
  1120 | D:1      | Got Plato's Almanac of Battle Magic
  1229 | D:1      | Prayed at the altar of an unknown god.
  1229 | D:1      | Became a worshipper of Sif Muna the Loreminder
  1229 | D:1      | Reached * piety under Sif Muna
  1230 | D:1      | Quit the game

Vanquished Creatures
  A dart slug (D:1)
  2 ball pythons (D:1)
  2 endoplasms (D:1)
  3 goblins (D:1)
  3 hobgoblins (D:1)
  3 jackals (D:1)
  A quokka (D:1)
  A bat (D:1)
  2 frilled lizards (D:1)
  A rat (D:1)
19 creatures vanquished.

Table legend:
 A = Non-vault XP
 B = Vault XP
 C = Vault XP percentage of total XP
 D = Non-vault monster count
 E = Vault monster count
 F = Vault count percentage of total count
                 A         B        C        D         E       F
            +---------+---------+-------+---------+---------+-------
      Total |      32 |       3 |   8.6 |      17 |       2 |  10.5
            +---------+---------+-------+---------+---------+-------
        D:1 |      32 |       3 |   8.6 |      17 |       2 |  10.5
            +---------+---------+-------+---------+---------+-------

Illustrated notes

Table legend:
 A = Kills in this place as a percentage of kills in entire the game.
 B = Kills by you in this place as a percentage of kills by you in the entire game.
 C = Kills by friends in this place as a percentage of kills by friends in the entire game.
 D = Other kills in this place as a percentage of other kills in the entire game.
 E = Experience gained in this place as a percentage of experience gained in the entire game.
 F = Experience gained in this place divided by the number of levels of this place that you have seen.
                   A       B       C       D       E      F
               +-------+-------+-------+-------+-------+----------------------
         Total | 100.0 | 100.0 |   N/A |   N/A | 100.0 |  35.0
       Dungeon | 100.0 | 100.0 |   N/A |   N/A | 100.0 |  35.0
               +-------+-------+-------+-------+-------+----------------------

Table legend: (Time is in decaauts)
 A = Elapsed time spent in this place.
 B = Non-inter-level travel time spent in this place.
 C = Inter-level travel time spent in this place.
 D = Time resting spent in this place.
 E = Time spent auto-exploring this place.
 F = Levels seen in this place.
 G = Mean time per level.
                   A        B        C        D        E       F      G
               +--------+--------+--------+--------+--------+-----+--------+
         Total |   1248 |   1199 |     49 |    199 |    853 |   1 | 1248.0 |
       Dungeon |   1248 |   1199 |     49 |    199 |    853 |   1 | 1248.0 |
               +--------+--------+--------+--------+--------+-----+--------+

Top non-repeatable levels by time:
     D:1: 1248 daAuts
